 Dungeon Crawl Stone Soup version 0.28-a0-1518-gbe868bca14 (webtiles) character file.

Game seed: 7973436810795138068

73 shadowrider38 the Skirmisher (level 4, 0/37 HPs)
             Began as a Djinni Fire Elementalist on Jan 17, 2022.
             Slain by a goblin (6 damage)
             ... led by Robin
             ... on level 3 of the Dungeon.
             The game lasted 00:04:42 (2307 turns).

shadowrider38 the Skirmisher (DjFE)                 Turns: 2307, Time: 00:04:43

Health: 0/37       AC:  2    Str:  7    XL:     4   Next: 51%
Gold:   45         EV: 12    Int: 19    God:
                   SH:  0    Dex: 13

rFire   + + .      SeeInvis .   a - +3 short sword
rCold   x . .      Faith    .   (no shield)
rNeg    . . .      Spirit   .   e - +0 robe
rPois   ∞          Reflect  .   (no helmet)
rElec   .          Harm     .   l - scarf {repulsion}
rCorr   .          Rampage  .   (no gloves)
Will    .....                   (boots unavailable)
Stlth   ++........              (no amulet)
HPRegen 0.12/turn               (no ring)
MPRegen 0.00/turn               (no ring)

@: flying, repel missiles
A: sickness immunity, fire resistance 2, cold vulnerability 1, float, innate
caster, hp casting, extra vitality 1
a: no special abilities


You were on level 3 of the Dungeon.
You visited 1 branch of the dungeon, and saw 3 of its levels.

You collected 45 gold pieces.

Inventory:

Hand Weapons
 a - a +3 short sword (weapon)
 k - a +3 flail
Missiles
 g - 7 poisoned darts
 h - 63 stones
Armour
 e - a +0 robe (worn)
 l - a scarf of repulsion (worn)
Jewellery
 b - a ring of positive energy
Scrolls
 f - 2 scrolls of identify {unknown}
 i - 3 scrolls of teleportation {unknown}
 n - a scroll of magic mapping {unknown}
 o - a scroll of vulnerability {unknown}
 p - a scroll of fear {unknown}
Potions
 c - a potion of curing
 d - a potion of mutation {unknown}
 j - a potion of magic {unknown}
 m - a potion of flight {unknown}
 q - a potion of attraction {unknown}


   Skills:
 + Level 3.7 Fighting
 - Level 2.1 Dodging
 - Level 1.5 Stealth
 - Level 2.4 Spellcasting


You couldn't memorise any spells.
You knew the following spells:

 Your Spells              Type           Power      Damage    Failure   Level
a - Foxfire               Conj/Fire      44%        2x1d6     6%          1
b - Scorch                Fire           22%        2d6       9%          2
c - Conjure Flame         Conj/Fire      11%        6-21      19%         3
d - Inner Flame           Hex/Fire       11%        N/A       19%         3
e - Flame Wave            Conj/Fire      11%        2d5       52%         4
f - Animate Skeleton      Necr           22%        N/A       6%          1
Your spell library was empty.

Dungeon Overview and Level Annotations

Branches:
Dungeon (3/15)

Altars:

Shops:
D:2 =   D:3 *

Annotations:
D:2 exclusions: goblin and phantom, Terence
D:3 1 transporter, Robin; Shayle's ghost, amateur DjWr


Innate Abilities, Weirdness & Mutations

You are immune to sickness and miasma.
You are immune to poison.
Your flesh is very heat resistant. (rF++)
You are vulnerable to cold. (rC-)
You float through the air rather than walking.
You learn spells naturally, not from books.
Your magical power is your life essence.
You have superior vitality. (+4 MHP)


Message History

The goblin hits you with a +0 dagger. x2
Robin roars a battlecry!
The goblins go into a battle-frenzy!
You closely miss the goblin. The goblin closely misses you.
The goblin hits you with a +0 dagger.
You closely miss the goblin. The goblin hits you with a +0 dagger.
The goblin closely misses you.
You closely miss the goblin. The goblin hits you with a +0 dagger.
The goblin completely misses you.
You closely miss the goblin.
The goblin hits you with a +0 dagger. x2
* * * LOW HITPOINT WARNING * * *
Unknown command.
It was a potion of curing.
You feel better. The goblin barely misses you.
The goblin hits you with a +0 dagger.
You hit the goblin.
You kill the goblin!
The goblin hits you with a +0 dagger.
Things that are here:
a +0 dagger; a goblin corpse Robin throws the goblin at you!
The goblin barely misses you.
Casting: Foxfire (safe; 6% risk of failure)
Press: ? - help, Q - select action, (/) - cycle Dir - look around, f - activate
Okay, then.
Casting: Foxfire (safe; 6% risk of failure)
Confirm with . or Enter, or press ? or * to list all spells.
Okay, then.
Casting: Foxfire (safe; 6% risk of failure)
Press: ? - help, Q - select action, (/) - cycle Dir - look around, f - activate You conjure some foxfire!
* * * LOW HITPOINT WARNING * * *
The goblin hits you with a +0 club.
* * * LOW HITPOINT WARNING * * *
The goblin hits you with a +0 dagger.
* * * LOW HITPOINT WARNING * * *
The foxfire hits the goblin.
The goblin is heavily wounded.
The foxfire hits the goblin.
You kill the goblin!
The goblin hits you with a +0 club.
You die...

.............#..# #.#.#
#.######.###.#..###### #.#.# #
#.# #.#.........†.###.#.#### #
#.# #.#.#.#..####^.....(.... #
#.# #.....#..# ##.#####..## # #<#
###.###..# #.# #..#. # #.#
#...##..# ..# #..#. ###.#
#...##..# ##.# #..#. .[))####
#...##@§##.##.#####.... .))....#
##...g.................
...).#.#####..##g###########..###
####..........##.# #..# # #
#.).......###†# #..# # #
##8.....8## #g# ######..# #
#####.......# #g# ........###
....#8.....8# #g# ######.....
....#.......#


.gg ###### You could see a hobgoblin (strong) and 4 goblins.

Vanquished Creatures
  3 adders
  2 orcs (D:3)
  2 ball pythons (D:2)
  7 bats
  2 endoplasms
  2 giant cockroaches
  10 goblins
  3 hobgoblins (D:3)
  4 kobolds
  2 quokkas
  3 frilled lizards
  3 rats
43 creatures vanquished.

Vanquished Creatures (others)
  117 foxfires
117 creatures vanquished.

Grand Total: 160 creatures vanquished

Notes
Turn   | Place    | Note
-------+----------+-------------------------------------------
     0 | D:1      | shadowrider38 the Djinni Fire Elementalist began the quest
                  | for the Orb.
     0 | D:1      | Reached XP level 1. HP: 15/15 MP: 0/0
   169 | D:1      | Reached skill level 1 in Fighting
   242 | D:1      | Reached XP level 2. HP: 20/22 MP: 0/0
   807 | D:2      | Reached skill level 2 in Fighting
   881 | D:2      | Found Batavis's Jewellery Boutique.
   930 | D:2      | Reached XP level 3. HP: 22/29 MP: 0/0
   930 | D:2      | Learned a level 1 spell: Animate Skeleton
  1038 | D:2      | Noticed a phantom
  1136 | D:2      | Reached skill level 3 in Fighting
  1156 | D:2      | Noticed Terence
  1566 | D:3      | Reached XP level 4. HP: 35/35 MP: 0/0
  2105 | D:3      | Found a transporter.
  2106 | D:3      | Identified the +4 dire flail of Strategic Superiority
                  | {freeze, +Blink Dex+5}
  2106 | D:3      | Noticed an ogre
  2106 | D:3      | Noticed Shayle's ghost (amateur DjWr)
  2233 | D:3      | Found Beutarha's General Store.
  2295 | D:3      | Noticed Robin
  2307 | D:3      | Slain by a goblin

Illustrated notes

Levels and vault maps discovered:
D:1:      dpeg_arrival_refuge, layout_basic
D:2:      layout_rooms, serial_shops, shop, serial_park_tiny_2, uniq_terence
D:3:      kennysheep_the_goblin_king, layout_loops_ring, gammafunk_ghost_smash,
          serial_shops, shop, uniq_robin

Skill      XL: |  1  2  3 |
---------------+----------+-----
Fighting       | 1 2 3 |  3.7
Dodging        | |  2.1
Stealth        | |  1.5
Spellcasting   | |  2.4

Action                   |  1- 3 |  4- 6 || total
-------------------------+-------+-------++-------
Melee: Short sword       |     2 |    31 ||    33
       Flail             |     1 |       ||     1
 Cast: Foxfire           |    55 |    11 ||    66
  Use: Potion            |       |     1 ||     1
 Stab: Sleeping          |       |     1 ||     1
Armor: Robe              |     1 |     8 ||     9
Dodge: Dodged            |    16 |    25 ||    41

Table legend: (Time is in decaauts)
 A = Elapsed time spent in this place.
 B = Non-inter-level travel time spent in this place.
 C = Inter-level travel time spent in this place.
 D = Time resting spent in this place.
 E = Time spent auto-exploring this place.
 F = Levels seen in this place.
 G = Mean time per level.
                   A        B        C        D        E       F      G
               +--------+--------+--------+--------+--------+-----+--------+
         Total |   2310 |   2227 |     83 |    539 |   1360 |   3 |  770.0 |
       Dungeon |   2310 |   2227 |     83 |    539 |   1360 |   3 |  770.0 |
               +--------+--------+--------+--------+--------+-----+--------+

Top non-repeatable levels by time:
     D:3: 792 daAuts
     D:1: 776 daAuts
     D:2: 741 daAuts
